 Dungeon Crawl Stone Soup version 0.27-a0-1319-geec4fb4e21 (webtiles) character file.

Game seed: 14118574608857038049

236 flotson the Sneak (level 5, -8/42 HPs)
             Began as a Demonspawn Delver on June 22, 2021.
             Succumbed to Sigmund's poison
             ... on level 2 of the Dungeon.
             The game lasted 00:07:26 (4307 turns).

flotson the Sneak (Demonspawn Delver)               Turns: 4307, Time: 00:07:27

Health: -8/42      AC: 13    Str: 14      XL:     5   Next: 77%
Magic:  5/5        EV: 11    Int: 11      God:
Gold:   154        SH:  0    Dex: 12 (14) Spells: 4/4 levels left

rFire    . . .     SeeInvis .   a - +1 flail (protect)
rCold    . . .     Faith    .   (no shield)
rNeg     . . .     Spirit   .   m - +0 ring mail
rPois    .         Reflect  .   p - +0 helmet
rElec    .         Harm     .   (no cloak)
rCorr    .         Rampage  .   (no gloves)
Will     .....                  (no boots)
Stlth    ++........             (no amulet)
HPRegen  0.14/turn              (no ring)
MPRegen  0.18/turn              (no ring)

@: lethally poisoned (-8 -> -42), under a protective aura
A: claws 1, ignite blood 1, magic regeneration
a: no special abilities


You were on level 2 of the Dungeon.
You visited 1 branch of the dungeon, and saw 5 of its levels.

You collected 154 gold pieces.

Inventory:

Hand Weapons
 a - a +1 flail of protection (weapon)
 b - a +0 hunting sling
 h - a +0 war axe
Missiles
 i - 9 sling bullets
Armour
 m - a +0 ring mail (worn)
 p - a +0 helmet (worn)
Jewellery
 c - a +6 ring of dexterity
Wands
 g - a wand of digging (3)
Scrolls
 f - a scroll of magic mapping
 n - 2 scrolls of immolation {unknown}
 o - a scroll of acquirement {unknown}
Potions
 d - a potion of ambrosia {unknown}


   Skills:
 + Level 4.2 Fighting
 + Level 3.1 Axes
 + Level 2.3 Armour
 + Level 3.1 Dodging
 - Level 4.5 Stealth


You had 4 spell levels left.
You didn't know any spells.
Your spell library contained the following spells:

 Spells                   Type           Power      Damage    Failure   Level
 Corona                   Hex            0%         N/A       56%         1
 Ensorcelled Hibernation  Hex/Ice        0%         N/A       71%         2
 Confusing Touch          Hex            0%         N/A       91%         3
 Dazzling Flash           Conj/Hex       0%         N/A       91%         3
 Tukima's Dance           Hex            0%         N/A       91%         3


Dungeon Overview and Level Annotations

Branches:
Dungeon (5/15)             Temple (0/1) D:5

Altars:
Cheibriados
Qazlal
Trog

Shops:
D:1 !

Annotations:
D:2 Sigmund


Innate Abilities, Weirdness & Mutations

You have sharp fingernails.
Your demonic aura sometimes causes spilled blood to erupt in flames.
You regenerate magic rapidly.


Message History

Your +1 flail of protection goes still.
b - a +0 hunting sling (weapon)
Sigmund shouts!
No target in view!
Sigmund points at you and mumbles some strange words.
The magic dart hits you.
You shoot a sling bullet. The sling bullet barely misses Sigmund.
You shoot a sling bullet. The sling bullet barely misses Sigmund.
You shoot a sling bullet. The sling bullet hits Sigmund.
Sigmund is lightly wounded.
Sigmund gestures at you while chanting. The magic dart hits you!
Your +1 flail of protection hums with potential!
a - a +1 flail of protection (weapon)
Sigmund hits you with a +1 scythe of venom.
You are poisoned.
You closely miss Sigmund.
Sigmund is lightly wounded.
You feel very sick.
Sigmund screams, "Die, monster!"
Sigmund closely misses you.
You barely miss Sigmund.
Sigmund is lightly wounded.
You feel sick.
Sigmund hits you with a +1 scythe of venom!
* * * LOW HITPOINT WARNING * * *
You are lethally poisoned!
Sigmund hits you with a +1 scythe of venom.
* * * LOW HITPOINT WARNING * * *
You are more poisoned.
You hit Sigmund.
Your weapon exudes an aura of protection.
Sigmund is lightly wounded.
* * * LOW HITPOINT WARNING * * *
You feel extremely sick. Sigmund hits you but does no damage.
You are more poisoned.
You closely miss Sigmund.
Sigmund is lightly wounded.
You die...

######...### #....
#.#.########....
#........#((....
#.#.####...##...
#.#..# ##....#######
#.##.# #..##..@..@.#
#.##.###(#########.#
#.##...@.# #§# #####
#.#####@.## #§#
....## #.# #...# #§#
###..### #.### #.#.#
#§#
####...###...###.#.##
#§## .#
###.......#...#..##
#§.# .##
#####...#.####..#
##.# ..# #####...#.#
##.# #.#
#.####.......#.#
##.##### #.##
#............#.#
##......# #..#


You could see Sigmund.

Vanquished Creatures
  A hound (D:3)
  Terence (D:2)
  An orc wizard (D:4)
  Robin (D:2)
  6 adders
  2 worms (D:2)
  A dart slug (D:1)
  6 orcs (D:3)
  4 endoplasms
  A giant cockroach (D:3)
  13 goblins
  9 hobgoblins
  8 jackals
  2 quokkas (D:1)
  3 ball pythons
  5 bats
  2 frilled lizards
  A kobold (D:1)
  4 rats
71 creatures vanquished.

Notes
Turn   | Place    | Note
-------+----------+-------------------------------------------
     0 | D:5      | flotson the Demonspawn Delver began the quest for the Orb.
     0 | D:5      | Reached XP level 1. HP: 18/18 MP: 1/1
   589 | D:4      | Noticed an orc wizard
   597 | D:4      | Killed an orc wizard
   598 | D:4      | Reached skill level 1 in Armour
   598 | D:4      | Gained mutation: You regenerate magic rapidly. [demonic
                  | ancestry]
   598 | D:4      | Reached XP level 2. HP: 13/24 MP: 2/2
   792 | D:3      | Noticed an ogre
   822 | D:2      | Gained mutation: You have sharp fingernails. [demonic
                  | ancestry]
   822 | D:2      | Reached XP level 3. HP: 10/29 MP: 3/3
  1186 | D:1      | Found Gudujemo's Distillery.
  2174 | D:2      | Found a snail-covered altar of Cheibriados.
  2223 | D:2      | Gained mutation: Your demonic aura sometimes causes spilled
                  | blood to erupt in flames. [demonic ancestry]
  2223 | D:2      | Reached XP level 4. HP: 32/36 MP: 4/4
  2336 | D:2      | Found a faded altar of an unknown god.
  2381 | D:2      | Noticed Robin
  2399 | D:2      | Killed Robin
  2678 | D:2      | Noticed Sigmund
  2678 | D:2      | Noticed Terence
  2881 | D:2      | Killed Terence
  2882 | D:2      | Reached XP level 5. HP: 36/42 MP: 5/5
  3843 | D:3      | Found a large runed translucent door.
  3844 | D:3      | Found a large runed translucent door.
  4126 | D:3      | Found a bloodstained altar of Trog.
  4130 | D:3      | Found a stormy altar of Qazlal.
  4306 | D:2      | HP: 1/42 [poisoned by Sigmund]
  4307 | D:2      | Succumbed to Sigmund's poison

Illustrated notes

Levels and vault maps discovered:
D:1:      dpeg_arrival_castle, layout_loops_ring, serial_shops, shop
D:2:      layout_rooms, hellmonk_ecumenical_altar_arch_garden, basic_altar,
          uniq_sigmund, uniq_robin, uniq_terence
D:3:      layout_loops_cross, nicolae_overflow_hidden_temple,
          jmf_multi_god_temple2
D:4:      minmay_door_path, layout_basic, gammafunk_ghost_grave,
          enter_ossuary_5, kennysheep_generic_room_7
D:5:      layout_loops_ring, marbit_many_paths, minmay_temple_entry_poolview

Skill      XL: |  1  2  3  4  5 |
---------------+----------------+-----
Axes           | 2 3 |  3.1
Armour         | 1 2 |  2.3
Dodging        | 2 3 |  3.1
Fighting       | 4 |  4.2
Stealth        | |  4.5

Action                   |  1- 3 |  4- 6 || total
-------------------------+-------+-------++-------
Melee: War axe           |    56 |    14 ||    70
       Rapier            |     6 |       ||     6
       Flail             |    29 |   136 ||   165
 Fire: Hunting sling     |       |     8 ||     8
  Use: Scroll            |     2 |     3 ||     5
       Potion            |     1 |     4 ||     5
 Stab: Sleeping          |     2 |     2 ||     4
Armor: Leather armour    |     4 |       ||     4
       Ring mail         |    26 |   121 ||   147
Dodge: Dodged            |    61 |   171 ||   232

Table legend: (Time is in decaauts)
 A = Elapsed time spent in this place.
 B = Non-inter-level travel time spent in this place.
 C = Inter-level travel time spent in this place.
 D = Time resting spent in this place.
 E = Time spent auto-exploring this place.
 F = Levels seen in this place.
 G = Mean time per level.
                   A        B        C        D        E       F      G
               +--------+--------+--------+--------+--------+-----+--------+
         Total |   4368 |   4295 |     73 |    392 |   2964 |   5 |  873.6 |
       Dungeon |   4368 |   4295 |     73 |    392 |   2964 |   5 |  873.6 |
               +--------+--------+--------+--------+--------+-----+--------+

Top non-repeatable levels by time:
     D:2: 1314 daAuts
     D:1: 1250 daAuts
     D:3: 1026 daAuts
     D:4: 653 daAuts
     D:5: 122 daAuts
